 Dungeon Crawl Stone Soup version 0.29-a0-40-g8eb35efe60 (webtiles) character file.

Game seed: 5557240664809130186

375 zazu2006 the Magician (level 6, -2/46 (51) HPs)
             Began as a Naga Hedge Wizard on Feb 1, 2022.
             Shot with a stone by a goblin (5 damage)
             ... led by Robin
             ... on level 4 of the Dungeon.
             The game lasted 00:07:19 (4900 turns).

zazu2006 the Magician (Naga Hedge Wizard)           Turns: 4900, Time: 00:07:19

HP:   -2/46 (51)    AC:  3    Str: 18    XL:     6   Next: 72%
MP:   8/12          EV:  9    Int: 17    God:
Gold: 142           SH:  0    Dex: 10    Spells: 5/14 levels left

rFire   . . .      SeeInvis +   l - +0 long sword
rCold   . . .      Faith    .   (no shield)
rNeg    . . .      Spirit   .   j - +0 leather armour
rPois   +          Reflect  .   c - +0 hat
rElec   .          Harm     .   (no cloak)
rCorr   .          Rampage  .   (no gloves)
Will    .....                   (no barding)
Stlth   ++........              (no amulet)
HPRegen 0.15/turn               b - +6 ring of strength
MPRegen 0.13/turn               (no ring)

@: drained, very slow
A: AC +2, large, see invisible, deformed body, poison resistance, slowness 2,
spit poison 1, naga tail 1
a: Spit Poison


You were on level 4 of the Dungeon.
You visited 1 branch of the dungeon, and saw 4 of its levels.

You collected 142 gold pieces.

Inventory:

Hand Weapons
 l - a +0 long sword (weapon)
Armour
 c - a +0 hat (worn)
 j - a +0 leather armour (worn)
 n - a +1 robe of fire resistance
Jewellery
 a - an amulet of guardian spirit
 b - a +6 ring of strength (left hand)
 o - a +6 ring of strength
Scrolls
 e - 2 scrolls of identify {unknown}
 f - 2 scrolls of teleportation {unknown}
 g - a scroll of holy word {unknown}
 i - a scroll of immolation {unknown}
 k - a scroll of magic mapping {unknown}
 p - a scroll of fear {unknown}
Potions
 d - a potion of cancellation {unknown}
 h - 2 potions of heal wounds {unknown}
 m - a potion of magic {unknown}


   Skills:
 + Level 1.5 Fighting
 + Level 1.0 Long Blades
 + Level 1.2 Armour
 + Level 1.8 Dodging
 + Level 4.0 Stealth
 + Level 4.5 Spellcasting
 + Level 3.1 Conjurations
 + Level 1.0 Summonings
 + Level 1.0 Translocations
 + Level 0.7 Air Magic
 * Level 2.7 Poison Magic


You had 5 spell levels left.
You knew the following spells:

 Your Spells              Type           Power      Damage    Failure   Level
a - Magic Dart            Conj           56%        1d5       4%          1
b - Mephitic Cloud        Conj/Pois/Air  11%        N/A       22%         3
c - Conjure Flame         Conj/Fire      9%         6-21      28%         3
d - Blink                 Tloc           14%        N/A       19%         2

Your spell library contained the following spells:

 Spells                   Type           Power      Damage    Failure   Level
 Slow                     Hex            12%        N/A       19%         1
 Call Imp                 Summ           7%         N/A       19%         2
 Ozocubu's Armour         Ice            3%         N/A       47%         3
 Metabolic Englaciation   Hex/Ice        1%         N/A       99%         5
 Simulacrum               Ice/Necr       1%         N/A       100%        6


Dungeon Overview and Level Annotations

Branches:
Dungeon (4/15)
 Temple: D:4-7

Altars:
Ashenzari
Wu Jian

Annotations:
D:4 2 transporters, knot's ghost, amateur DsBe


Innate Abilities, Weirdness & Mutations

Your serpentine skin is tough. (AC +2)
You have supernaturally acute eyesight. (SInv)
Armour fits poorly on your strangely shaped body.
Your system is resistant to poisons. (rPois)
You cover ground very slowly.
You can spit poison.
You have a snake-like lower body.


Message History

The hobgoblin is engulfed in noxious fumes.
The hobgoblin appears confused.
The goblin hits you but does no damage.
The goblin hits the goblin with a +0 club.
The hobgoblin hits the wight but does no damage.
The hobgoblin hits the goblin.
The goblin hits the wight but does no damage.
Knot's ghost mumbles, "They all look like pillowcases to me..."
The goblin hits you but does no damage.
The hobgoblin hits the wight but does no damage.
The goblin hits the hobgoblin but does no damage.
The goblin hits itself with a +0 club.
The goblin is killed!
The goblin hits you with a +0 dagger. The goblin hits you but does no damage.
The endoplasm jiggles.
The goblin barely misses you.
The endoplasm jiggles.
The goblin hits you with a +0 club. The wight closely misses you.
The goblin barely misses you. The goblin barely misses you.
Knot's ghost makes a sound of rattling chains.
The goblin hits you with a +0 club. The goblin hits you with a +0 dagger.
The goblin shoots a stone.
The stone closely misses you. The goblin barely misses you.
The goblin completely misses you. The goblin hits you but does no damage.
The wight hits you from afar with a +0 spear!
The wight hits you from afar with a +0 halberd.
You feel drained. The goblin hits you with a +0 club.
The wight closely misses you.
The wight hits you from afar with a +0 spear!
You feel drained.
* * * LOW HITPOINT WARNING * * *
The wight hits you from afar with a +0 halberd!
* * * LOW HITPOINT WARNING * * *
You feel drained.
* * * LOW HITPOINT WARNING * * *
The goblin shoots a stone.
The stone hits you.
You die...

#...#########... #.......©......)
##..........)..#
######..#..........
#.................. #
#...........()..÷.. #.#
#..zg.............. ######.######
#.g.z..............
...........###.@g...............
.(.............................
#.............................
#...##...##..................
#..##........................
#......#.....................
#####..##[###.#..................
.).....#.## ##...................
#####...#.# #........ .........


You could see 2 wights and 3 goblins.

Vanquished Creatures
  Duvessa (D:4)
  Dowan (D:4)
  A wight (D:4)
  A bullfrog zombie (D:3)
  An orc priest (D:3)
  Robin (D:4)
  2 adders
  An ufetubus (D:4)
  A worm (D:2)
  5 dart slugs
  6 orcs (D:3)
  3 endoplasms
  A giant cockroach (D:2)
  7 goblins
  7 hobgoblins
  4 jackals (D:1)
  4 quokkas
  11 ball pythons
  6 bats
  4 frilled lizards
  5 kobolds
  8 rats
81 creatures vanquished.

Notes
Turn   | Place    | Note
-------+----------+-------------------------------------------
     0 | D:1      | zazu2006 the Naga Hedge Wizard began the quest for the Orb.
     0 | D:1      | Reached XP level 1. HP: 15/15 MP: 4/4
    82 | D:1      | Reached XP level 2. HP: 13/22 MP: 0/6
   938 | D:1      | Reached XP level 3. HP: 28/28 MP: 5/8
  1037 | D:1      | Found a faded altar of an unknown god.
  2155 | D:2      | Reached XP level 4. HP: 36/36 MP: 7/9
  2623 | D:3      | Found a broken altar of Ashenzari.
  2701 | D:3      | Learned a level 3 spell: Mephitic Cloud
  2705 | D:3      | Learned a level 3 spell: Conjure Flame
  2708 | D:3      | Learned a level 2 spell: Blink
  2953 | D:3      | Reached skill level 1 in Poison Magic
  3109 | D:3      | Found a faded altar of an unknown god.
  3114 | D:3      | Found an ornate altar of the Wu Jian Council.
  3455 | D:3      | Reached XP level 5. HP: 42/42 MP: 9/11
  3489 | D:3      | Reached skill level 1 in Fighting
  4084 | D:4      | Noticed Duvessa
  4086 | D:4      | Noticed Dowan
  4116 | D:4      | Killed Duvessa
  4117 | D:4      | Reached XP level 6. HP: 16/51 MP: 3/12
  4119 | D:4      | Killed Dowan
  4120 | D:4      | Reached skill level 1 in Armour
  4351 | D:4      | Found a transporter.
  4360 | D:4      | Found a transporter.
  4364 | D:4      | Noticed knot's ghost (amateur DsBe)
  4596 | D:4      | Noticed Robin
  4852 | D:4      | Reached skill level 1 in Long Blades
  4855 | D:4      | Killed Robin
  4900 | D:4      | Shot with a stone by a goblin

Illustrated notes

Levels and vault maps discovered:
D:1:      elethiomel_arrival_quiet, layout_basic, basic_ecumenical_altar,
          minmay_misc_feat_rows, minmay_fountain_box
D:2:      layout_loops_ring
D:3:      layout_basic, mainiacjoe_overflow_alcove_1,
          nicolae_overflow_ecumenical_swirl, serial_glass, glass_columns_a,
          glass_columns_c, glass_columns_a, glass_columns_a, glass_columns_a,
          glass_columns_a, glass_columns_a, glass_columns_b, glass_columns_a,
          glass_columns_a, kennysheep_pointless_box
D:4:      layout_loops_ring, gammafunk_ghost_arena, minmay_shop_grid_forest,
          wad_floor_pattern_1, uniq_eustachio, uniq_duvessa, uniq_robin

Skill      XL: |  1  2  3  4  5  6 |
---------------+-------------------+-----
Conjurations   | 2 3 |  3.1
Spellcasting   | 4 |  4.5
Poison Magic   | 1 2 |  2.7
Fighting       | 1 |  1.5
Armour         | 1 |  1.2
Stealth        | 4 |  4.0
Long Blades    | 1 |  1.0
Dodging        | |  1.8
Summonings     | |  1.0
Translocations | |  1.0
Air Magic      | |  0.7

Action                   |  1- 3 |  4- 6 || total
-------------------------+-------+-------++-------
Melee: Dagger            |    11 |     3 ||    14
       Long sword        |       |    23 ||    23
 Cast: Magic Dart        |    88 |    89 ||   177
       Mephitic Cloud    |       |     5 ||     5
 Abil: Spit Poison       |     8 |     8 ||    16
 Stab: Confused          |       |     1 ||     1
Armor: Robe              |     4 |     4 ||     8
       Leather armour    |       |    15 ||    15
Dodge: Dodged            |    13 |    53 ||    66

Table legend: (Time is in decaauts)
 A = Elapsed time spent in this place.
 B = Non-inter-level travel time spent in this place.
 C = Inter-level travel time spent in this place.
 D = Time resting spent in this place.
 E = Time spent auto-exploring this place.
 F = Levels seen in this place.
 G = Mean time per level.
                   A        B        C        D        E       F      G
               +--------+--------+--------+--------+--------+-----+--------+
         Total |   5753 |   5670 |     83 |    388 |   4573 |   4 | 1438.2 |
       Dungeon |   5753 |   5670 |     83 |    388 |   4573 |   4 | 1438.2 |
               +--------+--------+--------+--------+--------+-----+--------+

Top non-repeatable levels by time:
     D:1: 1733 daAuts
     D:3: 1696 daAuts
     D:2: 1404 daAuts
     D:4: 919 daAuts
